cohdb
Replays
Latest Replays
All Replays
Popular Replays
Top Player Replays
Match Explorer
How It Works
Community
CoH3 Stats
Reddit
Sign in to upload your games and track your stats! →
Sign in with Steam
Match 44496713
Unlisted
Match 44496713
Overview
Messages
Build Orders
End
Kettenkrad Recon Vehicle
Construct Infanterie Kompanie
Grenadier Squad
MG 42 Machine Gun Team
GrW 34 Mortar Team
Construct Luftwaffe Kompanie
Flak 30 Anti-aircraft Gun Team
221 Scout Car
Pioneer Squad
Jäger Squad
Support Elements
Selects Italian Coastal Battlegroup
Selects Coastal Reserves
Selects Artillery Officer
Medical Station
Wirbelwind Flakpanzer
Marder III M Tank Destroyer
Coastal Reserve
Selects Obice da 210/22 Artillery Emplacement
Wirbelwind Flakpanzer
Wirbelwind Flakpanzer
Jäger Squad
Selects Support Bunkers
Selects Rapid Fortifications
Selects Bulwark
Rapid Fortifications
MG 42 Bunker
Coastal Reserve
Rapid Fortifications
Anti-tank Bunker
Wirbelwind Flakpanzer
Marder III M Tank Destroyer
Ameer.Warrak
Homam
CHILL-OUT
GruZ
-Spirit-
Zero Ambition
0
0
Comments
sign in to comment!
No comments posted yet!